 Dungeon Crawl Stone Soup version 0.16-a0-3086-ga63ba9b (webtiles) character file.

406 Malachi the Magician (level 6, -4/43 HPs)
             Began as a Mummy Wizard on Dec 11, 2014.
             Killed from afar by an orc wizard (19 damage)
             ... with a puff of flame
             ... on level 4 of the Dungeon.
             The game lasted 00:10:15 (4901 turns).

Malachi the Magician (Mummy Wizard)                 Turns: 4901, Time: 00:10:15

Health: -4/43      AC:  2    Str: 10    XL:     6   Next: 56%
Magic:  5/15       EV: 12    Int: 19    God:
Gold:   72         SH:  0    Dex: 10    Spells: 6 memorised, 1 level left

rFire  x . .     SeeInvis .     i - +6 dagger (venom)
rCold  + . .     Clarity  .     a - +0 robe
rNeg   + + +     SustAb   .     (no shield)
rPois  ∞         Gourm    .     b - +0 hat
rElec  .         Spirit   .     (no cloak)
rCorr  .         Warding  .     (no gloves)
rMut   .         Stasis   .     (no boots)
MR     .....                    (no amulet)
Stlth  ++........               (no ring)
                                (no ring)

@: very slightly contaminated, not resistant to hostile enchantments, unstealthy
A: no food or potions, fire vulnerability, restore body, cold resistance 1,
negative energy resistance 3, poison resistance, torment resistance, unbreathing
a: no special abilities


You were on level 4 of the Dungeon.
You were not hungry.

You visited 1 branch of the dungeon, and saw 4 of its levels.

You collected 72 gold pieces.

Inventory:

Hand weapons
 f - a +0 short sword
 i - a +6 dagger of venom (weapon)
Missiles
 h - 18 poisoned needles
Armour
 a - a +0 robe (worn)
 b - a +0 hat (worn)
Jewellery
 j - a cursed -3 ring of evasion {unknown}
Scrolls
 g - 3 scrolls of identify
 k - a scroll of recharging
 m - a scroll of random uselessness {unknown}
Books
 c - a book of Minor Magic

   Spells                             Type                      Level
   a - Magic Dart                     Conjuration                  1
   b - Blink                          Translocation                2
   c - Call Imp                       Summoning                    2
   d - Repel Missiles                 Charms/Air                   2
   e - Slow                           Hexes                        2
   f - Conjure Flame                  Conjuration/Fire             3
   g - Mephitic Cloud                 Conjuration/Poison/Air       3


   Skills:
 + Level 1.4 Fighting
 + Level 1.0 Short Blades
 + Level 2.7 Dodging
 + Level 2.6 Stealth
 + Level 4.6 Spellcasting
 * Level 2.7 Conjurations
 + Level 1.0 Summonings
 + Level 0.7 Translocations


You had one spell level left.
You knew the following spells:

 Your Spells              Type           Power        Failure   Level  Hunger
a - Magic Dart            Conj           ##..         6%          1    N/A
b - Blink                 Tloc           N/A          17%         2    N/A
c - Call Imp              Summ           #.......     14%         2    N/A
d - Mephitic Cloud        Conj/Pois/Air  #.......     28%         3    N/A
e - Repel Missiles        Chrm/Air       #.....       21%         2    N/A
f - Conjure Flame         Conj/Fire      #.......     21%         3    N/A

Dungeon Overview and Level Annotations

Branches:
Dungeon (4/15)
 Temple: D:4-7

Altars:
Fedhas


Innate Abilities, Weirdness & Mutations

You do not eat or drink.
Your flesh is vulnerable to fire.
Your flesh is cold resistant.
You are immune to negative energy.
Your system is resistant to poisons.
You are immune to unholy pain and torment.
You can survive without breathing.


Message History

Aiming: Mephitic Cloud
Press: ? - help, Shift-Dir - straight line, f - worm
Aim: a worm (lightly wounded)
You miscast Mephitic Cloud.
You are very lightly contaminated with residual magic.
You feel slightly ill.
Casting: Mephitic Cloud
Confirm with . or Enter, or press ? or * to list all spells.
Aiming: Mephitic Cloud
Press: ? - help, Shift-Dir - straight line, f/p - worm
Aim: a worm (lightly wounded)
The ball explodes into a vile cloud!
The stinking cloud engulfs the worm.
The worm is lightly wounded.
The stinking cloud engulfs you!
The worm is engulfed in noxious fumes.
The worm appears confused.
Unknown command.
The orc wizard seems less confused.
The orc wizard gestures at you while chanting.
The puff of flame hits you! The fire burns you terribly!
You die...

#..........#
#..........#
#........<.#
#########.<##.<##
##..#).###'######
#..[)#.......#
#....+.......# #
##§###..###+##
...#..##@###+####.
........§w'.......
..#....o.)#.......
##...#### ##'##
##'# .. .. .


You could see a worm (confused) and an orc wizard.

Vanquished Creatures
  An ogre (D:3)
  3 orc priests
  3 orc wizards
  4 adders
  A worm (D:2)
  An ooze (D:1)
  16 orcs
  9 bats
  A giant cockroach (D:2)
  5 goblins
  3 hobgoblins
  14 jackals
  11 kobolds
  A quokka (D:2)
  A giant gecko (D:1)
  3 giant newts
  8 rats
85 creatures vanquished.

Vanquished Creatures (collateral kills)
  3 gnolls (D:2)
  A worm (D:2)
  An orc (D:3)
  A giant cockroach (D:2)
  A goblin (D:2)
7 creatures vanquished.

Vanquished Creatures (others)
  A shadow imp (D:3)
1 creature vanquished.

Grand Total: 93 creatures vanquished

Notes
Turn   | Place    | Note
--------------------------------------------------------------
     0 | D:1      | Malachi, the Mummy Wizard, began the quest for the Orb.
     0 | D:1      | Reached XP level 1. HP: 13/13 MP: 4/4
   469 | D:1      | Reached XP level 2. HP: 19/19 MP: 1/6
   740 | D:1      | Reached skill level 1 in Conjurations
  1614 | D:1      | Reached XP level 3. HP: 21/25 MP: 4/8
  1705 | D:1      | Learned a level 2 spell: Call Imp
  1708 | D:1      | Learned a level 2 spell: Repel Missiles
  1712 | D:1      | Learned a level 3 spell: Mephitic Cloud
  2317 | D:2      | Reached XP level 4. HP: 29/31 MP: 0/10
  2440 | D:2      | Reached skill level 1 in Summonings
  2869 | D:3      | Reached skill level 1 in Fighting
  2886 | D:3      | Reached skill level 4 in Spellcasting
  2939 | D:3      | Learned a level 2 spell: Blink
  3107 | D:3      | Reached XP level 5. HP: 13/37 MP: 13/13
  3761 | D:3      | Found a blossoming altar of Fedhas.
  4313 | D:3      | Noticed an ogre
  4329 | D:3      | Killed an ogre
  4329 | D:3      | Reached XP level 6. HP: 43/43 MP: 0/15
  4442 | D:4      | Learned a level 3 spell: Conjure Flame
  4867 | D:4      | Reached skill level 1 in Short Blades
  4901 | D:4      | Killed from afar by an orc wizard

Action                   |  1- 3 |  4- 6 || total
-------------------------+-------+-------++-------
Melee: Short sword       |    66 |       ||    66
       Dagger            |     4 |   101 ||   105
 Cast: Magic Dart        |    71 |    24 ||    95
       Call Imp          |     4 |     4 ||     8
       Mephitic Cloud    |     1 |     9 ||    10
       Blink             |       |     1 ||     1
  Use: Scroll            |     1 |     7 ||     8
 Stab: Sleeping          |     1 |     1 ||     2
       Confused          |       |     1 ||     1
